TOP OF THE 1ST |
University of South Carolina Gamecocks batting - Pitching for University of Arizona Wildcats : LHP Israel Cerna
|
Pitching: LHP Israel Cerna
|
|
Batting: LHB Jörg Young
|
0-0: Called Strike 0-1: Foul Ball, location: 2F 0-2: Ball 1-2: Ball 2-2: Strikes out swinging
|
Batting: LHB Bert Webster
|
0-0: Called Strike 0-1: Ball 1-1: Fly out, F9 (Flyball, 9, EV 86.2 MPH)
|
Batting: SHB Keith Mihas
|
0-0: Called Strike 0-1: Ball 1-1: Called Strike 1-2: Strikes out swinging
|
Top of the 1st over - 0 runs, 0 hits, 0 errors, 0 left on base; University of South Carolina 0 - University of Arizona 0 |
BOTTOM OF THE 1ST |
University of Arizona Wildcats batting - Pitching for University of South Carolina Gamecocks : LHP Dan South
|
Pitching: LHP Dan South
|
|
Batting: LHB Jere Paatelainen
|
0-0: Ball 1-0: Called Strike 1-1: Ball 2-1: Reached on error, E2 (Groundball, 2L, EV 70.6 MPH)
|
Batting: LHB Pascal Noël
|
0-0: Called Strike 0-1: Foul Ball, location: 2F 0-2: Ball 1-2: Strikes out swinging
|
Batting: RHB Ron Dondale
|
0-0: Called Strike Jere Paatelainen steals 2nd base 0-1: SINGLE (Line Drive, 89M, EV 101.9 MPH) Jere Paatelainen to third
|
Batting: LHB Andrew Davis
|
0-0: Ball 1-0: Foul Ball, location: 2F 1-1: Ball 2-1: Foul Ball, location: 2F 2-2: Ball 3-2: Fielders Choice at 2nd, 4-6 (Groundball, 34, EV 98.8 MPH) Jere Paatelainen scores
|
Batting: RHB Eddy Amaya
|
0-0: Ball 1-0: Fielders Choice at 2nd, 6-4 (Groundball, 6, EV 101.9 MPH)
|
Bottom of the 1st over - 1 run, 1 hit, 1 error, 1 left on base; University of South Carolina 0 - University of Arizona 1 |
TOP OF THE 2ND |
University of South Carolina Gamecocks batting - Pitching for University of Arizona Wildcats : LHP Israel Cerna
|
Batting: RHB Justin Kurutz
|
0-0: Swinging Strike 0-1: Foul Ball, location: 2F 0-2: Strikes out swinging
|
Batting: RHB Lance Neldon
|
0-0: Called Strike 0-1: Ball 1-1: Foul Ball, location: 2F 1-2: Ball 2-2: Strikes out swinging
|
Batting: RHB Ben Turner
|
0-0: Ball 1-0: Ball 2-0: Called Strike 2-1: Foul Ball, location: 2F 2-2: Strikes out swinging
|
Top of the 2nd over - 0 runs, 0 hits, 0 errors, 0 left on base; University of South Carolina 0 - University of Arizona 1 |
BOTTOM OF THE 2ND |
University of Arizona Wildcats batting - Pitching for University of South Carolina Gamecocks : LHP Dan South
|
Batting: SHB George Grace
|
0-0: Foul Ball, location: 2F 0-1: Ball 1-1: SINGLE (Groundball, 6MS, EV 70.0 MPH) (infield hit)
|
Batting: RHB Gustavo Rodriguez
|
0-0: Ball 1-0: Ball 2-0: Swinging Strike 2-1: Foul Ball, location: 2F 2-2: Strikes out swinging
|
Batting: RHB Vince Parris
|
0-0: Called Strike 0-1: Called Strike 0-2: Ball 1-2: Ball 2-2: Ball 3-2: SINGLE (Line Drive, 3D, EV 105.0 MPH) George Grace to second
|
Batting: RHB Tatsuro Hamasaki
|
0-0: Called Strike 0-1: Ball 1-1: Ball 2-1: Ball 3-1: SINGLE (Line Drive, 56, EV 108.1 MPH) George Grace to third Vince Parris to second
|
Batting: LHB Jere Paatelainen
|
0-0: Ball 1-0: Fielders Choice at 2nd, 4-6 (Groundball, 34, EV 101.2 MPH) George Grace scores Vince Parris to third
|
Batting: LHB Pascal Noël
|
0-0: Foul Ball, location: 2F 0-1: Swinging Strike 0-2: Ball 1-2: Fielders Choice at 2nd, 6-4 (Groundball, 6, EV 88.8 MPH)
|
Bottom of the 2nd over - 1 run, 3 hits, 0 errors, 2 left on base; University of South Carolina 0 - University of Arizona 2 |
TOP OF THE 3RD |
University of South Carolina Gamecocks batting - Pitching for University of Arizona Wildcats : LHP Israel Cerna
|
Batting: RHB Keith Lynch
|
0-0: Called Strike 0-1: Ball 1-1: Ball 2-1: Ball 3-1: Swinging Strike 3-2: Strikes out swinging
|
Batting: RHB Jonathan Rausch
|
0-0: Ball 1-0: Called Strike 1-1: Ground out U3 (Groundball, 34S, EV 64.4 MPH)
|
Batting: RHB Jonathan Long
|
0-0: Ball 1-0: SINGLE (Groundball, 56S, EV 63.8 MPH) (infield hit)
|
Batting: LHB Jörg Young
|
0-0: Ball 1-0: Ball 2-0: Ball 3-0: Called Strike 3-1: Base on Balls Jonathan Long to second
|
Batting: LHB Bert Webster
|
0-0: Foul Ball, location: 2F 0-1: Ball 1-1: Fly out, F8 (Line Drive, 8LS, EV 95.0 MPH)
|
Top of the 3rd over - 0 runs, 1 hit, 0 errors, 2 left on base; University of South Carolina 0 - University of Arizona 2 |
BOTTOM OF THE 3RD |
University of Arizona Wildcats batting - Pitching for University of South Carolina Gamecocks : LHP Dan South
|
Pitching: RHP Trent Lipinski
|
|
Batting: RHB Ron Dondale
|
0-0: Ball 1-0: Foul Ball, location: 2F 1-1: Foul Ball, location: 2F 1-2: SINGLE (Flyball, 78S, EV 89.4 MPH)
|
Batting: LHB Andrew Davis
|
0-0: Called Strike 0-1: Ball 1-1: Swinging Strike 1-2: Ball 2-2: Foul Ball, location: 2F 2-2: Strikes out swinging
|
Batting: RHB Eddy Amaya
|
0-0: DOUBLE (Flyball, 89D, EV 103.8 MPH) Ron Dondale to third Runner from 3rd tries for Home, SAFE, throw by RF to trailing runner, SAFE at third!
|
Batting: SHB George Grace
|
0-0: Foul Ball, location: 2F 0-1: Ball 1-1: Swinging Strike 1-2: Strikes out swinging
|
Batting: RHB Gustavo Rodriguez
|
0-0: Called Strike 0-1: Ball 1-1: Ball 2-1: Foul Ball, location: 2F 2-2: Fly out, F9 (Flyball, 9LMF, EV 88.8 MPH)
|
Bottom of the 3rd over - 1 run, 2 hits, 0 errors, 1 left on base; University of South Carolina 0 - University of Arizona 3 |
TOP OF THE 4TH |
University of South Carolina Gamecocks batting - Pitching for University of Arizona Wildcats : LHP Israel Cerna
|
Pitching: RHP Jimmy Serna
|
|
Batting: SHB Keith Mihas
|
0-0: Fly out, F9 (Flyball, 9, EV 90.6 MPH)
|
Batting: RHB Justin Kurutz
|
0-0: Ball 1-0: Called Strike 1-1: Called Strike 1-2: DOUBLE (Flyball, 8LXD, EV 111.9 MPH)
|
Batting: RHB Lance Neldon
|
0-0: Ball 1-0: Ball Wild Pitch! Justin Kurutz to third 2-0: Swinging Strike 2-1: Swinging Strike 2-2: Ball 3-2: Base on Balls
|
Batting: RHB Ben Turner
|
0-0: Fly out, F9 (Flyball, 9D, EV 101.2 MPH) Runner from 3rd tags up, SCORES, throw by RF
|
Batting: RHB Keith Lynch
|
0-0: Ground out 4-3 (Groundball, 4, EV 77.5 MPH)
|
Top of the 4th over - 1 run, 1 hit, 0 errors, 1 left on base; University of South Carolina 1 - University of Arizona 3 |
BOTTOM OF THE 4TH |
University of Arizona Wildcats batting - Pitching for University of South Carolina Gamecocks : RHP Trent Lipinski
|
Pitching: RHP Jop van Grootveld
|
|
Batting: RHB Vince Parris
|
0-0: Ball 1-0: Foul Ball, location: 2F 1-1: Fly out, F8 (Flyball, 89D, EV 90.6 MPH)
|
Batting: RHB Tatsuro Hamasaki
|
0-0: Ball 1-0: Hit by Pitch
|
Batting: LHB Jere Paatelainen
|
0-0: Called Strike 0-1: Ball 1-1: SINGLE (Groundball, 15S, EV 65.6 MPH) (infield hit) Tatsuro Hamasaki to second
|
Pinch Hitting: LHB Mark Harris
|
0-0: Ball 1-0: Foul Ball, location: 2F 1-1: Ball 2-1: Foul Ball, location: 2F 2-2: Strikes out looking
|
Batting: RHB Ron Dondale
|
0-0: Ball 1-0: Ball 2-0: Fly out, F8 (Line Drive, 8RD, EV 110.0 MPH)
|
Bottom of the 4th over - 0 runs, 1 hit, 0 errors, 2 left on base; University of South Carolina 1 - University of Arizona 3 |
TOP OF THE 5TH |
University of South Carolina Gamecocks batting - Pitching for University of Arizona Wildcats : RHP Jimmy Serna
|
Pitching: LHP Armando Guzman
|
|
Now at 3B: Mark Harris
|
|
Now in LF: Lihau Keawe
|
|
Batting: RHB Jonathan Rausch
|
0-0: Ground out 6-3 (Groundball, 6, EV 111.2 MPH)
|
Batting: RHB Jonathan Long
|
0-0: Ball 1-0: Called Strike 1-1: Ball 2-1: Fly out, F7 (Flyball, 7, EV 81.9 MPH)
|
Pinch Hitting: RHB Phil Hanley
|
0-0: Ball 1-0: Ball 2-0: Called Strike 2-1: Swinging Strike 2-2: Strikes out swinging
|
Top of the 5th over - 0 runs, 0 hits, 0 errors, 0 left on base; University of South Carolina 1 - University of Arizona 3 |
BOTTOM OF THE 5TH |
University of Arizona Wildcats batting - Pitching for University of South Carolina Gamecocks : RHP Jop van Grootveld
|
Pitching: RHP Borisav Koljevic
|
|
Now in CF: Phil Hanley
|
|
Batting: LHB Andrew Davis
|
0-0: Ball 1-0: Foul Ball, location: 2F 1-1: Ball 2-1: Foul Ball, location: 2F 2-2: Foul Ball, location: 2F 2-2: Foul Ball, location: 2F 2-2: SINGLE (Groundball, 4MD, EV 99.4 MPH)
|
Pinch Hitting: LHB Jake Heller
|
0-0: Fly out, F6 (Popup, 15S, EV 93.8 MPH)
|
Batting: SHB George Grace
|
0-0: Ball 1-0: Ball 2-0: Ball 3-0: Foul Ball, location: 2F 3-1: Base on Balls Andrew Davis to second
|
Batting: RHB Gustavo Rodriguez
|
0-0: Ball 1-0: Ball 2-0: Ball 3-0: SINGLE (Groundball, 4MD, EV 94.4 MPH) Andrew Davis to third George Grace to second Runner from 3rd tries for Home, throw by CF and OUT! 8-2
|
Pitching: RHP Bob Conway
|
|
Batting: LHB Lihau Keawe
|
0-0: Ball 1-0: Ball 2-0: Foul Ball, location: 2F 2-1: Ball 3-1: Base on Balls George Grace to third Gustavo Rodriguez to second
|
Batting: RHB Tatsuro Hamasaki
|
0-0: Ball 1-0: Ball 2-0: Swinging Strike 2-1: Foul Ball, location: 2F 2-2: Foul Ball, location: 2F 2-2: Strikes out swinging
|
Bottom of the 5th over - 0 runs, 2 hits, 0 errors, 3 left on base; University of South Carolina 1 - University of Arizona 3 |
TOP OF THE 6TH |
University of South Carolina Gamecocks batting - Pitching for University of Arizona Wildcats : LHP Armando Guzman
|
Now at C: Larry Harlow
|
|
Now at 1B: Jake Heller
|
|
Pinch Hitting: RHB Danny Narvaez
|
0-0: Ball 1-0: Ball 2-0: Swinging Strike 2-1: Ball 3-1: Foul Ball, location: 2F 3-2: Fly out, F9 (Line Drive, 9D, EV 88.1 MPH)
|
Pinch Hitting: RHB Joel Bany
|
0-0: Swinging Strike 0-1: Ball 1-1: Ball 2-1: Foul Ball, location: 2F 2-2: Strikes out swinging
|
Pinch Hitting: RHB Brian Passalacqua
|
0-0: Ball 1-0: Foul Ball, location: 2F 1-1: Ball 2-1: Foul Ball, location: 2F 2-2: Foul Ball, location: 2F 2-2: Ball 3-2: Strikes out swinging
|
Top of the 6th over - 0 runs, 0 hits, 0 errors, 0 left on base; University of South Carolina 1 - University of Arizona 3 |
BOTTOM OF THE 6TH |
University of Arizona Wildcats batting - Pitching for University of South Carolina Gamecocks : RHP Bob Conway
|
Pitching: RHP Juan Lazo
|
|
Now at C: Corey Lomas
|
|
Now at 1B: Joel Bany
|
|
Now at 2B: Danny Narvaez
|
|
Now at 3B: Brian Passalacqua
|
|
Batting: LHB Jere Paatelainen
|
0-0: Ball 1-0: Ground out 1-3 (Groundball, P, EV 64.4 MPH)
|
Batting: LHB Mark Harris
|
0-0: Swinging Strike 0-1: Ball 1-1: Called Strike 1-2: Strikes out swinging
|
Batting: RHB Ron Dondale
|
0-0: Fly out, F8 (Line Drive, 8RS, EV 93.8 MPH)
|
Bottom of the 6th over - 0 runs, 0 hits, 0 errors, 0 left on base; University of South Carolina 1 - University of Arizona 3 |
TOP OF THE 7TH |
University of South Carolina Gamecocks batting - Pitching for University of Arizona Wildcats : LHP Armando Guzman
|
Pitching: LHP Matt Waterbury
|
|
Batting: LHB David Fowler
|
0-0: Called Strike 0-1: Called Strike 0-2: Fly out, F9 (Flyball, 89S, EV 91.9 MPH)
|
Batting: RHB Ben Turner
|
0-0: Ball 1-0: Called Strike 1-1: Fly out, F5 (Popup, 56, EV 55.6 MPH)
|
Pinch Hitting: LHB Chris McNay
|
0-0: Swinging Strike 0-1: Ball 1-1: Ball 2-1: Ball 3-1: Called Strike 3-2: Ground out 6-3 (Groundball, 6, EV 83.1 MPH)
|
Top of the 7th over - 0 runs, 0 hits, 0 errors, 0 left on base; University of South Carolina 1 - University of Arizona 3 |
BOTTOM OF THE 7TH |
University of Arizona Wildcats batting - Pitching for University of South Carolina Gamecocks : RHP Juan Lazo
|
Pitching: RHP Scott Arthur
|
|
Now in LF: Jonathan Barker
|
|
Now in RF: Chris McNay
|
|
Batting: LHB Andrew Davis
|
0-0: Ball 1-0: Ground out 4-3 (Groundball, 4, EV 89.4 MPH)
|
Batting: LHB Jake Heller
|
0-0: Ball 1-0: Ground out 6-3 (Groundball, 6M, EV 92.5 MPH)
|
Batting: RHB Larry Harlow
|
0-0: Foul Ball, location: 2F 0-1: Ball 1-1: Foul Ball, location: 2F 1-2: Foul Ball, location: 2F 1-2: Ball 2-2: Ball 3-2: Foul Ball, location: 2F 3-2: Ground out U3 (Groundball, 13, EV 78.8 MPH)
|
Bottom of the 7th over - 0 runs, 0 hits, 0 errors, 0 left on base; University of South Carolina 1 - University of Arizona 3 |
TOP OF THE 8TH |
University of South Carolina Gamecocks batting - Pitching for University of Arizona Wildcats : LHP Matt Waterbury
|
Pitching: RHP Rogelio Chavez
|
|
Batting: LHB Jonathan Barker
|
0-0: Called Strike 0-1: Ball 1-1: Ground out 4-3 (Groundball, 4M, EV 83.1 MPH)
|
Batting: LHB Corey Lomas
|
0-0: Ball 1-0: Ball 2-0: Swinging Strike 2-1: Foul Ball, location: 2F 2-2: Ball 3-2: Base on Balls
|
Batting: RHB Phil Hanley
|
0-0: Ball 1-0: Ball 2-0: Ball 3-0: Called Strike 3-1: Base on Balls Corey Lomas to second
|
Pinch Runner at 2nd Abel Wensink:
|
|
Batting: RHB Danny Narvaez
|
0-0: Called Strike 0-1: Ball 1-1: Fielders Choice at 2nd, 3-6 (Groundball, 34, EV 84.4 MPH) Abel Wensink to third
|
Pitching: RHP Carlos Maravilla
|
|
Batting: RHB Joel Bany
|
0-0: Called Strike 0-1: Ball 1-1: Ball 2-1: Swinging Strike 2-2: Strikes out looking
|
Top of the 8th over - 0 runs, 0 hits, 0 errors, 2 left on base; University of South Carolina 1 - University of Arizona 3 |
BOTTOM OF THE 8TH |
University of Arizona Wildcats batting - Pitching for University of South Carolina Gamecocks : RHP Scott Arthur
|
Pitching: RHP Carey Yarn
|
|
Now at C: Jeff Swanson
|
|
Batting: RHB Gustavo Rodriguez
|
0-0: Foul Ball, location: 2F 0-1: Ball 1-1: Ball 2-1: Fly out, F8 (Line Drive, 8RD, EV 91.2 MPH)
|
Batting: LHB Lihau Keawe
|
0-0: Ball 1-0: Ball 2-0: Ball 3-0: Base on Balls
|
Batting: RHB Tatsuro Hamasaki
|
0-0: Called Strike 0-1: Called Strike Lihau Keawe steals 2nd base 0-2: Ball 1-2: Ball 2-2: Foul Ball, location: 2F 2-2: Foul Ball, location: 2F 2-2: Ball 3-2: Foul Ball, location: 2F 3-2: Strikes out swinging
|
Pitching: RHP Nelson Knopp
|
|
Batting: LHB Jere Paatelainen
|
0-0: Called Strike 0-1: Ground out 4-3 (Groundball, 4D, EV 106.9 MPH)
|
Bottom of the 8th over - 0 runs, 0 hits, 0 errors, 1 left on base; University of South Carolina 1 - University of Arizona 3 |
TOP OF THE 9TH |
University of South Carolina Gamecocks batting - Pitching for University of Arizona Wildcats : RHP Carlos Maravilla
|
Pitching: LHP Jamal Jeter
|
|
Batting: RHB Brian Passalacqua
|
0-0: Ball 1-0: Foul Ball, location: 2F 1-1: Ground out U3 (Groundball, 3, EV 99.4 MPH)
|
Batting: LHB David Fowler
|
0-0: Ball 1-0: Called Strike 1-1: SINGLE (Groundball, 6MD, EV 107.5 MPH)
|
Pitching: RHP Chris Obloy
|
|
Batting: RHB Ben Turner
|
0-0: Ball 1-0: Fly out, F7 (Line Drive, 78M, EV 100.0 MPH)
|
Batting: LHB Chris McNay
|
0-0: Ball 1-0: Swinging Strike 1-1: Ball 2-1: Foul Ball, location: 2F 2-2: Foul Ball, location: 2F 2-2: Ball 3-2: Fly out, F5 (Popup, 56, EV 70.6 MPH)
|
Top of the 9th over - 0 runs, 1 hit, 0 errors, 1 left on base; University of South Carolina 1 - University of Arizona 3 |
|